Map: Ruins of Endion

Players

Jrbruin

  • Race: Terran Terran
  • League: Silver
  • Spawn Location: 5:00

Fropez - Winner!

  • Race: Protoss Protoss
  • League: Silver
  • Spawn Location: 7:00

VOD

Have the link to the VOD?

Description

Time

  • Played on: May 26, 2016, 9:53 a.m.
  • Length: 33:58
Show
View Real Time Build Order
Export as new Build Order

Jrbruin Terran 

Build Orders: MMM Bio 

Get SALT Encoding   

  12  0:01  SCV  
  13  0:13  SCV  
  14  0:20  Supply Depot  
  14  0:25  SCV  
  15  0:34  Refinery  
  15  0:42  SCV  
  16  0:48  Barracks  
  16  0:54  SCV  
  17  1:06  SCV  
  17  1:10  Barracks  
  19  1:18  SCV  
  19  1:24  Refinery  
  19  1:30  SCV  
  20  1:37  Marine  
  21  1:41  Supply Depot  
  21  1:49  Orbital Command  
  21  2:04  Barracks  
  21  2:06  Barracks Reactor  
  21  2:11  Marine  
  22  2:16  SCV  
  23  2:26  Supply Depot  
  23  2:28  SCV  
  24  2:36  Engineering Bay  
  24  2:40  SCV  
  24  2:47  Marine x2  
  24  2:49  Marine  
  27  2:52  SCV  
  27  2:54  Marine  
  29  3:00  Supply Depot  
  29  3:11  Hi-Sec Auto Tracking  
  29  3:12  Missile Turret  
  29  3:13  Marine  
  29  3:14  Marine x2  
  29  3:16  Marine  
  29  3:19  SCV  
  34  3:39  Factory  
  34  3:48  Supply Depot  
  34  3:52  Sensor Tower  
  34  3:54  Barracks Tech Lab  
  34  4:01  Marine x2  
  36  4:05  Barracks Tech Lab  
  36  4:08  Terran Infantry Weapons Level 1  
  33  4:25  Concussive Shells  
  33  4:26  Combat Shields  
  33  4:28  Factory Tech Lab  
  33  4:30  SCV  
  34  4:39  Command Center  
  34  4:43  Engineering Bay  
  34  4:44  Marine  
  34  4:45  Marine  
  36  4:51  Widow Mine  
  38  5:12  Stimpack, Marine  
  38  5:13  Marine, Missile Turret  
  40  5:15  Marauder  
  40  5:16  Marauder  
  40  5:19  Widow Mine  
  46  5:24  Terran Infantry Armor Level 1  
  46  5:52  Missile Turret  
  46  6:06  Marauder  
  46  6:07  Marine  
  46  6:08  Marine  
  46  6:09  Marauder  
  46  6:11  Siege Tank  
  55  6:18  Starport, Bunker  
  55  6:29  SCV  
  56  6:39  Marine x2  
  58  6:41  Marine, SCV, Marauder  
  62  6:51  Armory  
  62  6:54  SCV  
  63  7:13  Missile Turret  
  63  7:15  Widow Mine  
  65  7:23  SCV  
  66  7:30  Starport Tech Lab  
  66  7:34  Starport  
  66  7:35  SCV  
  67  7:37  Fusion Core  
  67  7:40  Terran Vehicle Weapons Level 1  
  67  7:41  Ghost Academy  
  67  7:44  Missile Turret  
  67  7:47  SCV  
  67  7:51  Marine x2  
  67  7:52  Marine  
  67  7:56  High Capacity Fuel Tanks  
  69  7:59  SCV  
  69  8:01  Marauder  
  72  8:06  Supply Depot  
  72  8:10  Armory  
  72  8:11  SCV  
  73  8:17  Starport Reactor  
  73  8:24  Refinery  
  73  8:28  SCV, Refinery  
  74  8:36  Medivac  
  74  8:40  SCV  
  76  8:53  SCV  
  77  9:10  Marine x2  
  77  9:11  Marine x2  
  77  9:12  Cloaking Field  
  77  9:15  Hellion  
  83  9:17  Terran Vehicle And Ship Armor Level 1  
  83  9:23  Nuke  
  83  9:31  Orbital Command  
  83  9:43  Medivac  
  85  9:50  Medivac  
  85  9:52  Supply Depot  
  87  10:22  Marine x2  
  87  10:26  Command Center  
  89  10:30  SCV  
  90  10:37  Terran Ship Weapons Level 1  
  90  10:38  Medivac x2  
  94  10:43  SCV, Explosive Shrapnel Shells  
  95  10:55  SCV  
  95  10:57  Refinery  
  96  11:00  Marine x3, Refinery  
  96  11:01  Marine  
  100  11:18  Liberator  
  100  11:28  Raven  
  102  11:34  Behemoth Reactor  
  102  11:35  Personal Cloaking  
  105  11:40  Building Armor  
  105  11:46  Supply Depot  
  105  11:51  SCV  
  106  11:57  SCV  
  107  12:03  SCV  
  108  12:09  SCV  
  109  12:15  SCV  
  109  12:21  SCV, Corvid Reactor  
  111  12:23  Siege Tank  
  111  12:26  Marauder  
  111  12:27  Ghost  
  111  12:28  SCV  
  119  12:46  Orbital Command  
  119  12:51  Bunker  
  119  12:56  Ghost, Bunker  
  119  12:58  Marine  
  121  13:02  Siege Tank  
  121  13:04  Raven  
  127  13:07  Medivac x2  
  127  13:10  Terran Vehicle Weapons Level 2  
  127  13:11  Terran Vehicle And Ship Armor Level 2  
  131  13:16  Marauder  
  133  13:36  Hyperflight Rotors  
  131  15:09  Thor  
  131  15:11  Supply Depot  
  131  15:13  Supply Depot, Terran Infantry Armor Level 2  
  137  15:14  Terran Infantry Weapons Level 2  
  137  15:15  Weapon Refit  
  137  15:18  Medivac x2  
  137  15:20  Command Center  
  141  15:26  Supply Depot  
  141  15:28  Supply Depot  
  141  15:33  Battlecruiser  
  142  15:46  Refinery  
  140  16:07  Marauder  
  140  16:10  Marine x2  
  144  16:11  Marine  
  144  16:13  Thor  
  151  16:27  Marine  
  151  16:28  Marine, Marauder  
  151  16:29  Marine  
  156  16:39  Missile Turret  
  156  16:43  Sensor Tower  
  156  16:45  Marine  
  157  16:47  Marine  
  157  16:49  Marine  
  157  16:50  Planetary Fortress  
  151  17:05  Marine  
  151  17:07  Marine  
  145  17:22  Marine  
  138  17:40  Viking x2  
  138  17:42  Viking  
  144  18:10  Marine, Viking x2  
  144  18:11  Marine x2  
  144  18:12  Marine, Viking  
  154  18:14  SCV  
  155  18:26  SCV  
  156  18:28  Marine, SCV  
  156  18:29  Marine x3  
  156  18:32  Refinery  
  161  18:38  SCV  
  161  18:40  SCV, Viking x2  
  167  18:46  Marine  
  168  18:50  SCV  
  168  18:52  SCV  
  170  19:02  SCV  
  171  19:04  SCV  
  170  19:15  Nuke  
  170  19:16  SCV  
  171  19:17  Terran Infantry Weapons Level 3  
  171  19:18  Terran Infantry Armor Level 3  
  171  19:19  Terran Ship Weapons Level 2  
  131  20:24  Nuke  
  131  20:26  Terran Vehicle Weapons Level 3  
  131  20:27  Viking x2  
  131  20:28  Thor  
  141  20:31  Marine  
  141  20:32  Marine x2  
  141  20:33  Marine  
  144  20:49  Marine x2  
  145  20:50  Marine  
  145  20:51  Marine  
  147  20:59  Command Center  
  147  21:06  Marine  
  147  21:07  Marine x2  
  147  21:09  Marine  
  151  21:24  Marine  
  151  21:25  Marine  
  151  21:26  Marine  
  152  21:36  Marine  
  152  21:39  Battlecruiser  
  159  21:41  Medivac x2  
  159  21:42  Marine  
  159  21:43  Marine  
  159  21:44  Marine  
  165  21:54  Marine  
  165  21:55  Missile Turret  
  165  21:58  Sensor Tower  
  165  22:00  Marine  
  165  22:01  Marine  
  167  22:02  Marine  
  167  22:05  Missile Turret  
  169  22:15  Drilling Claws  
  169  22:18  Marine  
  169  22:20  Marine  
  171  22:35  Starport  
  171  22:37  Barracks  
  169  22:38  Marine  
  158  24:05  Viking  
  158  24:06  Viking  
  158  24:07  Viking  
  158  24:08  Thor  
  161  24:10  Viking  
  161  24:11  Marine  
  161  24:12  Marine  
  161  24:13  Marine x2  
  161  24:15  Marine  
  135  24:29  Marine  
  135  24:30  Marine  
  135  24:31  Marine x2  
  125  24:32  Marine  
  125  24:37  Viking  
  128  24:40  Viking, Missile Turret  
  130  24:47  Marine  
  130  24:48  Marine  
  132  25:05  Marine  
  130  25:10  Viking  
  130  25:13  Missile Turret  
  130  25:14  Missile Turret  
  129  25:18  Missile Turret  
  129  25:21  Viking, Missile Turret  
  129  25:26  Missile Turret  
  129  25:27  Missile Turret  
  131  25:30  Missile Turret  
  131  25:33  Missile Turret  
  131  25:42  Marine  
  130  25:43  Marine x2  
  132  25:51  Viking  
  134  25:59  Command Center  
  134  26:00  Marine  
  134  26:01  Marine x2  
  135  26:14  Command Center  
  135  26:17  Marine, Missile Turret  
  136  26:20  Starport  
  136  26:21  Viking  
  136  26:23  Sensor Tower  
  136  26:25  Missile Turret  
  138  26:27  Siege Tank  
  138  26:28  Missile Turret  
  141  26:35  Marine  
  142  26:53  Marine  
  143  26:55  Starport Reactor  
  143  27:04  Missile Turret  
  143  27:07  Marine  
  144  27:09  Missile Turret  
  144  27:25  Marine  
  121  27:39  Viking x2  
  125  28:05  SCV  
  123  28:08  Starport Reactor  
  123  28:09  Viking x2  
  127  28:13  Factory  
  127  28:17  SCV  
  128  28:29  SCV  
  127  28:39  Viking x2  
  129  28:47  Planetary Fortress  
  128  28:52  Missile Turret  
  128  28:54  Viking x2  
  125  29:09  Viking  
  124  29:12  Planetary Fortress  
  124  29:24  Viking x2  
  124  29:30  Missile Turret  
  128  29:34  Missile Turret  
  128  29:49  Viking x2  
  128  29:50  Marine  
  133  29:54  Viking  
  125  30:08  Marine  
  120  30:19  Viking x2  
  121  30:26  Marine  
  120  30:43  SCV  
  120  30:44  Marine  
  120  30:48  Viking  
  120  30:49  Viking  
  126  30:52  Viking x2  
  126  30:54  Hellion  
  126  30:55  SCV  
  133  31:01  Marine  
  134  31:07  SCV  
  135  31:15  Command Center  
  135  31:16  Hellion  
  137  31:19  SCV  
  138  31:31  SCV  
  138  31:37  Hellion  
  63  32:45  Refinery  
  63  32:46  Refinery  
  55  33:02  Marine  
  55  33:03  Marine x3  
  58  33:20  Marine x2  
  58  33:21  Marine x2  
  60  33:37  Marine  
  60  33:38  Marine  
  60  33:39  Marine, Bunker  
  63  33:42  Bunker  
Show
View Real Time Build Order
Export as new Build Order

Fropez Protoss - Winner!

Build Orders:  

Get SALT Encoding   

  12  0:01  Probe (Chrono Boost)  
  13  0:18  Pylon  
  13  0:20  Probe (Chrono Boost)  
  14  0:37  Gateway  
  14  0:40  Assimilator  
  14  0:41  Probe (Chrono Boost)  
  15  0:51  Probe (Chrono Boost)  
  15  0:55  Pylon  
  16  1:02  Probe (Chrono Boost)  
  17  1:12  Probe (Chrono Boost)  
  18  1:26  Probe (Chrono Boost)  
  18  1:27  Cybernetics Core  
  19  1:37  Probe (Chrono Boost)  
  19  1:44  Gateway  
  19  1:47  Probe (Chrono Boost)  
  19  1:49  Assimilator  
  21  2:03  Forge  
  21  2:06  Mothership Core (Chrono Boost)  
  21  2:07  Warp Gate (Chrono Boost)  
  22  2:16  Adept  
  24  2:24  Probe (Chrono Boost)  
  25  2:31  Pylon  
  25  2:36  Probe  
  26  2:51  Probe  
  26  2:55  Protoss Ground Weapons Level 1 (Chrono Boost)  
  27  3:02  Adept  
  27  3:04  Probe  
  30  3:07  Adept  
  32  3:23  Probe  
  32  3:24  Pylon  
  33  3:27  Photon Cannon  
  33  3:33  Pylon  
  33  3:35  Probe  
  34  3:47  Probe  
  30  4:29  Adept  
  30  4:30  Adept, Probe  
  35  4:38  Gateway  
  35  4:41  Gateway  
  35  4:45  Twilight Council, Probe  
  36  4:46  Pylon  
  36  4:52  Stalker x2  
  40  4:57  Probe  
  40  4:59  Protoss Ground Armor Level 1 (Chrono Boost)  
  41  5:10  Probe  
  41  5:13  Pylon  
  42  5:16  Stalker  
  42  5:17  Stalker  
  46  5:22  Probe, Blink (Chrono Boost)  
  47  5:36  Stalker x2  
  47  5:38  Probe  
  52  5:50  Probe  
  53  6:02  Probe  
  54  6:11  Photon Cannon  
  54  6:17  Probe  
  55  6:19  Robotics Facility  
  55  6:29  Probe  
  56  6:32  Photon Cannon  
  56  6:34  Stalker x2  
  56  6:35  Stalker  
  62  6:43  Zealot  
  64  6:57  Probe  
  64  7:00  Protoss Ground Weapons Level 2  
  65  7:06  Observer  
  66  7:14  Pylon  
  66  7:30  Nexus  
  66  7:32  Pylon  
  64  7:57  Probe  
  65  8:13  Immortal  
  69  8:30  Probe, Gateway x2  
  69  8:33  Photon Cannon  
  68  9:03  Probe  
  68  9:05  Probe  
  68  9:08  Immortal  
  70  9:25  Assimilator  
  70  9:29  Assimilator  
  70  9:30  Probe  
  69  9:31  Probe  
  71  9:42  Probe  
  72  9:48  Observer, Protoss Ground Weapons Level 3  
  72  9:52  Robotics Facility  
  73  9:56  Stalker  
  75  10:03  Probe  
  76  10:07  Pylon  
  76  10:09  Probe  
  77  10:14  Probe  
  77  10:17  Immortal  
  82  10:21  Probe  
  82  10:24  Probe  
  84  10:33  Probe  
  85  10:52  Probe  
  85  10:55  Probe  
  87  11:00  Nexus  
  87  11:02  Assimilator  
  87  11:05  Immortal  
  87  11:07  Assimilator  
  87  11:11  Pylon  
  91  11:14  Pylon, Immortal  
  93  11:24  Stalker  
  95  11:31  Stalker x2  
  99  11:36  Probe  
  100  11:44  Immortal  
  104  11:53  Pylon  
  104  11:57  Immortal  
  108  12:23  Probe  
  108  12:28  Photon Cannon  
  108  12:29  Gateway  
  109  12:30  Gateway  
  109  12:34  Robotics Bay, Probe  
  110  12:37  Protoss Shields Level 1  
  110  12:49  Probe  
  111  12:52  Photon Cannon  
  111  12:56  Photon Cannon  
  111  13:01  Probe  
  111  13:04  Probe  
  112  13:07  Pylon  
  113  13:13  Probe  
  113  13:14  Zealot  
  113  13:16  Probe  
  117  13:20  Extended Thermal Lance (Chrono Boost)  
  116  13:41  Sentry x3  
  116  13:42  Sentry x3  
  128  14:15  Nexus  
  128  14:38  Stalker  
  128  14:39  Stalker x6  
  128  14:40  Stalker  
  142  15:03  Colossus  
  142  15:04  Colossus  
  154  15:12  Pylon  
  154  15:14  Pylon  
  154  15:17  Pylon  
  154  15:20  Pylon  
  154  15:30  Photon Cannon  
  152  16:12  Assimilator  
  152  16:15  Pylon  
  152  16:17  Pylon  
  152  16:18  Colossus x2  
  152  16:22  Pylon  
  152  16:24  Stargate  
  152  16:25  Stargate  
  164  16:28  Stargate  
  164  16:42  Photon Cannon  
  126  17:48  Probe  
  127  18:03  Fleet Beacon  
  127  18:10  Pylon  
  127  18:11  Protoss Air Weapons Level 1 (Chrono Boost)  
  127  18:15  Dark Shrine  
  127  18:16  Pylon  
  127  18:17  Assimilator  
  127  18:22  Photon Cannon  
  127  18:24  Gateway  
  127  18:26  Protoss Ground Armor Level 2 (Chrono Boost)  
  127  18:27  Gateway  
  127  18:28  Gateway  
  127  18:30  Observer Gravitic Boosters, Gateway  
  127  18:32  Gateway  
  127  18:36  Colossus x2  
  127  18:39  Stalker x6  
  127  18:40  Stalker x2  
  130  19:20  Stalker x5  
  130  19:21  Stalker x3  
  136  20:01  Protoss Air Armor Level 1  
  136  20:25  Protoss Shields Level 2 (Chrono Boost)  
  136  20:27  Tempest x2 (Chrono Boost)  
  136  20:28  Tempest (Chrono Boost)  
  148  20:51  Nexus  
  148  20:54  Assimilator  
  148  20:56  Assimilator  
  148  21:01  Pylon  
  148  21:02  Probe  
  149  21:05  Pylon  
  149  21:09  Tempest x2 (Chrono Boost)  
  149  21:10  Tempest (Chrono Boost)  
  161  21:16  Pylon  
  161  21:28  Probe  
  161  21:29  Probe  
  163  21:38  Charge  
  169  21:43  Observer x2  
  171  21:52  Pylon  
  171  21:55  Protoss Air Weapons Level 2  
  171  22:01  Tempest x3 (Chrono Boost)  
  183  22:04  Observer  
  183  22:05  Observer  
  183  22:24  Stalker x4  
  189  22:43  Tempest (Chrono Boost)  
  160  24:28  Stalker x4  
  160  24:29  Stalker x2  
  170  25:01  Nexus  
  170  25:04  Assimilator  
  170  25:06  Assimilator  
  166  25:09  Pylon  
  166  25:12  Pylon  
  166  25:33  Tempest x3 (Chrono Boost)  
  166  25:34  Protoss Shields Level 3  
  178  25:36  Protoss Air Weapons Level 3  
  178  25:58  Zealot x2  
  182  26:22  Tempest (Chrono Boost)  
  182  26:23  Tempest x2 (Chrono Boost)  
  194  26:50  Nexus  
  194  26:52  Assimilator  
  194  26:57  Assimilator  
  194  26:59  Pylon  
  178  28:01  Zealot x6  
  178  28:02  Zealot x2  
  194  28:13  Protoss Air Armor Level 2  
  194  28:19  Tempest (Chrono Boost)  
  198  28:53  Zealot  
  163  30:19  Tempest x3 (Chrono Boost)  
  175  30:21  Protoss Ground Armor Level 3  
  167  30:36  Dark Templar x2  
  167  30:37  Dark Templar x6  
  179  30:56  Tempest x3 (Chrono Boost)  
  180  31:47  Zealot x6  
  180  31:48  Zealot x2  
  192  32:25  Tempest x2 (Chrono Boost)  
  192  32:58  Nexus  
  192  33:02  Assimilator  
  192  33:04  Assimilator  
  192  33:08  Pylon  
  192  33:11  Pylon  
  192  33:13  Tempest (Chrono Boost)  
  192  33:14  Tempest (Chrono Boost)  
Tags
 
Composition
MMM Bio
Matchup
PvT
Replay Pack
All Mines
Spawn Locations
Close Positions
Add a new tag
Caveats
  • Supply blocks, unpowered buildings, or Contaminate may cause inaccurate times.
  • Supply counts are checked every 10 seconds.